 Dungeon Crawl Stone Soup version 0.20.0-15-g7f486f2 (webtiles) character file.

75 vishdafish the Shield-Bearer (level 4, -3/37 HPs)
             Began as a Formicid Fighter on June 27, 2017.
             Slain by a gnoll
             ... wielding a +0 halberd
              (6 damage)
             ... on level 2 of the Dungeon.
             The game lasted 00:02:22 (742 turns).

vishdafish the Shield-Bearer (Formicid Fighter)      Turns: 742, Time: 00:02:23

Health: -3/37      AC:  7    Str: 21    XL:     4   Next: 55%
Magic:  4/4        EV:  8    Int:  8    God:
Gold:   62         SH: 10    Dex: 14    Spells: 3/3 levels left

rFire    . . .     SeeInvis +   a - +0 war axe
rCold    . . .     Gourm    .   c - +0 shield
rNeg     . . .     Faith    .   b - +0 scale mail
rPois    .         Spirit   .   (helmet unavailable)
rElec    .         Reflect  .   (no cloak)
rCorr    .         Harm     .   (no gloves)
MR       .....                  (no boots)
Stlth    ..........             (no amulet)
Regen    0.2/turn               j - +4 ring of dexterity
MPRegen  0.1/turn               (no ring)

@: no status effects
A: permanent stasis, dig shafts and tunnels, four strong arms, antennae 3
a: Dig, Shaft Self


You were on level 2 of the Dungeon.
You were not hungry.

You visited 1 branch of the dungeon, and saw 2 of its levels.

You collected 62 gold pieces.

Inventory:

Hand Weapons
 a - a +0 war axe (weapon)
Armour
 b - a +0 scale mail (worn)
 c - a +0 shield (worn)
Jewellery
 j - a +4 ring of dexterity (left hand)
Scrolls
 e - a scroll of immolation {unknown}
 h - a scroll of random uselessness {unknown}
 i - a scroll of teleportation {unknown}
 k - 2 scrolls of identify {unknown}
 l - a scroll of recharging {unknown}
Potions
 d - a potion of might
 g - a potion of heal wounds {unknown}
Comestibles
 f - 2 bread rations
 m - a meat ration


   Skills:
 + Level 3.7 Fighting
 * Level 3.1 Axes
 + Level 3.7 Armour
 + Level 0.6 Dodging
 + Level 4.2 Shields


You had 3 spell levels left.
You didn't know any spells.

Dungeon Overview and Level Annotations

Branches:
Dungeon (2/15)

Altars:


Innate Abilities, Weirdness & Mutations

You cannot be hasted, slowed, berserked, paralysed or teleported.
You can dig through walls and to a lower floor.
Your four strong arms can wield two-handed weapons with a shield.
You have a pair of large antennae on your head. (SInv)


Message History

The gnoll hits you from afar with a spear.
You closely miss the gnoll. You block the gnoll's attack.
The gnoll closely misses you. The gnoll barely misses you.
You hit the gnoll.
The gnoll is lightly wounded.
You block the gnoll's attack.
The gnoll hits you from afar with a spear.
You hit the gnoll.
The gnoll is severely wounded.
You block the gnoll's attack.
The gnoll hits you from afar with a spear.
Your shield and scale mail prevent you from hitting the gnoll.
The gnoll is severely wounded.
The gnoll closely misses you.
The gnoll hits you from afar with a spear.
* * * LOW HITPOINT WARNING * * *
The gnoll hits you from afar with a spear.
* * * LOW HITPOINT WARNING * * *
The gnoll hits you with a halberd.
You die...

###########.#.#.###
#.. #.#.#.... #.#
## # #.#.....# #.#
. .# #.#.###.#
#.#.#g.# #.### .#
#.####.#...##. #.#
.# #.$..$g.......
#.# # #g#########.#
{ #.@.........#
#############


You could see 2 gnolls.

Vanquished Creatures
  A gnoll (D:2)
  An adder (D:2)
  2 oozes (D:1)
  2 dart slugs
  2 giant cockroaches
  4 hobgoblins (D:1)
  6 jackals (D:1)
  2 kobolds (D:1)
  A ball python (D:1)
  4 bats (D:1)
  13 frilled lizards (D:1)
  3 goblins (D:1)
  6 rats (D:1)
47 creatures vanquished.

Notes
Turn   | Place    | Note
-------+----------+-------------------------------------------
     0 | D:1      | vishdafish the Formicid Fighter began the quest for the Orb.
     0 | D:1      | Reached XP level 1. HP: 18/18 MP: 1/1
    51 | D:1      | Reached XP level 2. HP: 19/24 MP: 2/2
   174 | D:1      | Reached XP level 3. HP: 15/29 MP: 3/3
   222 | D:1      | Reached skill level 4 in Shields
   429 | D:1      | Reached XP level 4. HP: 37/37 MP: 4/4
   742 | D:2      | Slain by a gnoll

Skill      XL: |  1  2  3  4 |
---------------+-------------+-----
Shields        | 4 |  4.2
Axes           | 3 |  3.1
Fighting       | |  3.7
Armour         | |  3.7
Dodging        | |  0.6

Action                   |  1- 3 |  4- 6 || total
-------------------------+-------+-------++-------
Melee: War axe           |    92 |    17 ||   109
 Abil: Dig               |     2 |       ||     2
Armor: Scale mail        |    52 |     3 ||    55
Dodge: Dodged            |    35 |     7 ||    42
Block: Shield            |    51 |     9 ||    60
